Map: Cerulean Fall LE

Players

soO

  • Race: Zerg Zerg
  • League: Master
  • Spawn Location: 1:00

Serral - Winner!

  • Race: Zerg Zerg
  • League: Master
  • Spawn Location: 7:00

Event: HomeStory Cup XVIII

VOD

Have the link to the VOD?

Description

Time

  • Played on: Nov. 23, 2018, 7:47 a.m.
  • Length: 6:33

All games in this series

Show
View Real Time Build Order
Export as new Build Order

soO Zerg 

Build Orders: Hatch First 

Get SALT Encoding   

  12  0:01  Drone  
  13  0:12  Overlord  
  13  0:17  Drone  
  14  0:30  Drone x2  
  14  0:34  Drone  
  17  0:51  Hatchery  
  17  0:54  Drone  
  17  0:57  Drone  
  18  1:08  Extractor  
  17  1:12  Spawning Pool  
  17  1:16  Drone  
  17  1:18  Drone  
  18  1:27  Drone  
  19  1:38  Overlord  
  19  1:49  Drone  
  20  1:59  Queen  
  20  2:00  Drone  
  23  2:03  Queen, Drone  
  26  2:08  Metabolic Boost  
  26  2:10  Drone  
  26  2:14  Drone  
  28  2:24  Drone  
  28  2:26  Drone  
  30  2:36  Hatchery  
  29  2:41  Baneling Nest  
  29  2:42  Drone  
  29  2:45  Zergling x2  
  29  2:49  Drone  
  31  2:52  Drone  
  31  2:56  Zergling x2  
  33  2:59  Drone  
  33  3:04  Overlord  
  34  3:10  Drone  
  34  3:11  Drone  
  36  3:22  Overlord  
  36  3:23  Drone x4  
  36  3:24  Zergling x2  
  36  3:25  Baneling x2  
  41  3:29  Queen  
  44  3:41  Zergling x4  
  44  3:46  Drone x2  
  47  3:49  Drone  
  47  3:54  Zergling x2  
  47  3:55  Evolution Chamber  
  48  3:58  Zergling x2  
  48  4:00  Zergling x2  
  49  4:04  Baneling x2  
  49  4:08  Drone x3  
  51  4:13  Drone x3  
  51  4:14  Lair  
  51  4:16  Drone  
  55  4:18  Drone  
  55  4:20  Drone  
  57  4:25  Zerg Missile Weapons Level 1  
  57  4:28  Extractor, Roach Warren  
  57  4:29  Extractor, Overlord  
  57  4:30  Drone  
  57  4:31  Drone  
  56  4:38  Overlord  
  56  4:39  Drone  
  56  4:42  Overlord  
  57  4:45  Overlord  
  57  4:48  Drone x4  
  57  4:49  Drone x2  
  63  4:59  Drone x3  
  65  5:00  Drone  
  65  5:02  Drone  
  67  5:10  Roach x2  
  67  5:11  Roach x3  
  67  5:12  Drone  
  78  5:14  Drone  
  78  5:15  Drone x2  
  78  5:16  Extractor  
  78  5:17  Extractor, Drone x2  
  78  5:21  Drone  
  81  5:23  Drone  
  81  5:24  Drone  
  81  5:27  Drone x2  
  83  5:35  Spine Crawler  
  82  5:37  Roach, Spine Crawler  
  82  5:38  Ravager, Roach x2  
  82  5:39  Spine Crawler  
  82  5:41  Roach  
  87  5:45  Roach  
  87  5:49  Overlord  
  89  5:50  Overlord  
  89  5:51  Overlord  
  88  5:58  Roach  
  88  6:01  Roach  
  88  6:03  Roach x2  
  85  6:04  Roach x2  
  85  6:05  Roach  
  85  6:09  Roach  
  85  6:12  Roach x2  
Show
View Real Time Build Order
Export as new Build Order

Serral Zerg - Winner!

Build Orders: Hatch First 

Get SALT Encoding   

  12  0:01  Drone  
  13  0:12  Overlord  
  13  0:17  Drone  
  14  0:30  Drone x2  
  16  0:48  Hatchery  
  15  0:51  Drone  
  15  0:55  Drone  
  17  0:59  Drone  
  18  1:08  Extractor  
  17  1:15  Spawning Pool  
  17  1:17  Drone  
  17  1:20  Drone  
  18  1:28  Drone  
  19  1:45  Drone  
  20  1:51  Overlord  
  20  2:01  Queen x2  
  20  2:03  Drone x2  
  26  2:10  Metabolic Boost  
  26  2:11  Drone  
  26  2:13  Drone  
  28  2:22  Drone x2  
  30  2:35  Drone  
  31  2:37  Hatchery  
  30  2:45  Baneling Nest  
  30  2:46  Drone  
  30  2:48  Overlord  
  30  2:53  Drone  
  30  2:58  Zergling x4  
  33  3:06  Zergling x2  
  33  3:07  Zergling x2  
  33  3:11  Overlord  
  35  3:13  Overlord  
  35  3:14  Drone x2  
  35  3:17  Zergling x2  
  35  3:19  Zergling x2  
  39  3:29  Baneling x2  
  39  3:30  Drone x2  
  39  3:31  Drone  
  39  3:33  Drone  
  43  3:35  Queen  
  45  3:43  Drone x2  
  45  3:45  Drone  
  45  3:46  Evolution Chamber  
  45  3:47  Drone  
  48  3:50  Drone x2  
  48  3:52  Drone  
  51  3:58  Drone x2  
  51  4:01  Overlord  
  52  4:03  Drone  
  52  4:09  Extractor  
  51  4:10  Extractor  
  51  4:11  Zergling x2  
  51  4:12  Zergling x2  
  51  4:13  Roach Warren  
  50  4:19  Overlord  
  50  4:20  Zergling x2  
  50  4:22  Drone  
  52  4:29  Zergling x6  
  55  4:33  Drone  
  55  4:36  Overlord  
  55  4:38  Baneling  
  56  4:39  Overlord  
  56  4:58  Roach x8  
  71  5:01  Roach x2  
  71  5:04  Roach  
  71  5:05  Roach  
  79  5:10  Roach x2  
  83  5:15  Roach x2  
  87  5:22  Overlord  
  87  5:24  Roach  
  88  5:28  Baneling  
  88  5:29  Baneling x3  
  88  5:30  Baneling  
  88  5:31  Overlord  
  90  5:35  Roach  
  90  5:42  Zergling x14  
  97  5:48  Baneling  
  97  5:49  Baneling  
  96  5:50  Zergling x2  
  96  5:51  Zergling x6  
  96  5:54  Overlord  
  94  6:04  Zergling x14  
  100  6:12  Zergling x6  
Tags
 
Add a new tag
Caveats
  • Supply blocks, unpowered buildings, or Contaminate may cause inaccurate times.
  • Supply counts are checked every 10 seconds.